 Dungeon Crawl Stone Soup version 0.29.1-15-g9cfb28693d (webtiles) character file.

Game seed: 18049810891535348687

1091 Heoruswealwe the Thaumaturge (level 8, -4/61 HPs)
             Began as a Deep Elf Summoner on Feb 21, 2023.
             Was a Believer of Sif Muna.
             Slain by Prince Ribbit (9 damage)
             ... on level 6 of the Dungeon.
             The game lasted 01:12:38 (5770 turns).

Heoruswealwe the Thaumaturge (Deep Elf Summoner)    Turns: 5770, Time: 01:12:38

Health: -4/61      AC: 24    Str:  5    XL:     8   Next: 9%
Magic:  14/32      EV:  2    Int: 23    God:    Sif Muna [**....]
Gold:   287        SH:  0    Dex: 15    Spells: 21/25 levels left

rFire   . . .      SeeInvis .   I - +1 falchion (holy)
rCold   . . .      Faith    .   (no shield)
rNeg    . . .      Spirit   .   (body armour currently unavailable)
rPois   +          Reflect  .   (helmet currently unavailable)
rElec   .          Harm     .   (cloak currently unavailable)
rCorr   .          Rampage  .   (gloves currently unavailable)
Will    .....      NoTele   +   (boots currently unavailable)
Stlth   ++........              (no amulet)
HPRegen 0.20/turn               e - +4 ring of evasion
MPRegen 0.23/turn               S - ring of magical power

@: tree-form, unable to read
A: stationary, stasis, torment immunity, boosted hp, (hooves 1), inability to
read after injury 1
a: Renounce Religion, Channel Magic


You were on level 6 of the Dungeon.
You worshipped Sif Muna.
Sif Muna was pleased with you.
You were a tree.
You visited 2 branches of the dungeon, and saw 7 of its levels.

You collected 287 gold pieces.

Inventory:

Hand Weapons
 o - a +0 long sword
 I - a +1 falchion of holy wrath (weapon)
Armour
 a - a +0 robe (melded)
 y - a +0 pair of boots (melded)
 G - a +1 cloak (melded)
Jewellery
 e - a +4 ring of evasion (left branch)
 S - a ring of magical power (right branch)
Scrolls
 c - a scroll of identify
 d - 2 scrolls of blinking
 p - a scroll of brand weapon
 v - a scroll of magic mapping
 w - a scroll of fog
 x - 2 scrolls of amnesia
 A - a scroll of summoning
 C - a scroll of fear
 P - 2 scrolls of teleportation
Potions
 b - a potion of magic
 i - 2 potions of brilliance
 X - a potion of might


   Skills:
 - Level 2.4 Dodging
 - Level 2.4 Stealth
 + Level 9.3 Spellcasting
 + Level 8.6 Summonings


You had 21 spell levels left.
You knew the following spells:

 Your Spells              Type           Power      Damage    Failure   Level
a - Summon Small Mammal   Summ           100%       N/A       1%          1
b - Call Canine Familiar  Summ           50%        N/A       1%          3

Your spell library contained the following spells:

 Spells                   Type           Power      Damage    Failure   Level
 Call Imp                 Summ           50%        N/A       1%          2
 Summon Guardian Golem    Hex/Summ       30%        N/A       3%          3
 Summon Lightning Spire   Summ/Air       30%        N/A       11%         4


Dungeon Overview and Level Annotations

Branches:
Dungeon (6/15)             Temple (1/1) D:4

Altars:
Ashenzari
Cheibriados
Dithmenos
Elyvilon
Fedhas
Gozag
Hepliaklqana
Kikubaaqudgha
Ru
Sif Muna
Trog
Vehumet
Wu Jian
Xom
The Shining One

Annotations:
D:6 Prince Ribbit


Innate Abilities, Weirdness & Mutations

You are a tree.
Your roots penetrate the ground, keeping you stationary.
You cannot be teleported.
You are immune to unholy pain and torment.
Your maximum health is greatly increased.
Your equipment is partially melded.
((You have large cloven feet.))
You occasionally lose the ability to read scrolls when taking damage.


Message History

Your wolf bites the white imp!
The white imp dies!
Sif Muna accepts your kill.
Your wolf barely misses Prince Ribbit.
Prince Ribbit barely misses your wolf.
Your wolf closely misses Prince Ribbit.
Prince Ribbit hops awkwardly around.
Prince Ribbit closely misses your wolf.
Your wolf barely misses Prince Ribbit.
Your wolf barely misses Prince Ribbit.
Prince Ribbit misses your wolf.
Your wolf misses Prince Ribbit.
Prince Ribbit blinks!
Your wolf bites Prince Ribbit.
Prince Ribbit closely misses your wolf.
Your wolf closely misses Prince Ribbit.
Your wolf barely misses Prince Ribbit.
Prince Ribbit hits your wolf!
Your wolf closely misses Prince Ribbit.
Prince Ribbit lets out a mournful croak.
Prince Ribbit hits your wolf!
Your wolf dies!
Your wolf's corpse disappears in a puff of smoke!
Casting: Call Canine Familiar (safe; 1% risk of failure)
Confirm with . or Enter, or press ? or * to list all spells.
Casting: Call Canine Familiar (safe; 1% risk of failure)
Confirm with . or Enter, or press ? or * to list all spells.
Prince Ribbit closely misses your quokka.
Prince Ribbit hits your quokka. Prince Ribbit hits your quokka!
Your quokka dies!
Your quokka's corpse disappears in a puff of smoke!
Casting: Summon Small Mammal (safe; 1% risk of failure)
Confirm with . or Enter, or press ? or * to list all spells.
Prince Ribbit hits your rat!
Your rat dies!
Your rat's corpse disappears in a puff of smoke!
Casting: Summon Small Mammal (safe; 1% risk of failure)
Confirm with . or Enter, or press ? or * to list all spells.
Prince Ribbit hits you.
* * * LOW HITPOINT WARNING * * *
Casting: Summon Small Mammal (safe; 1% risk of failure)
Confirm with . or Enter, or press ? or * to list all spells.
Prince Ribbit hits you!
You feel threatened and lose the ability to read scrolls!
You die...

#.# ####.# ..... ...#
#..# #. #..# #..##.<####
#.........########.###
###.###§.##...)F♣h.....?
.......§.##).####r##.###
.#..###5###..# r# # #.#
#.c# .. #.###F.####..#
.#.####.§.5O........
......§.........(....
...########..####.###
#..# .


You could see Prince Ribbit (ally target), a friendly wolf (summoned) and 2
friendly quokkas.

Vanquished Creatures
  A phantom (D:4)
  2 adders
  2 bats
  An endoplasm (D:2)
  2 goblins
  A jackal (D:3)
  A rat (D:2)
10 creatures vanquished.

Vanquished Creatures (collateral kills)
  Sigmund (D:3)
  Edmund (D:6)
  A water moccasin (D:4)
  2 ogres
  A centaur (D:6)
  A necrophage (D:4)
  2 scorpions
  A jelly (D:5)
  2 iguanas
  5 adders
  A white imp (D:6)
  2 worms (D:2)
  A dart slug (D:5)
  An orc (D:5)
  6 ball pythons
  4 endoplasms
  3 giant cockroaches
  2 goblins
  3 hobgoblins
  4 jackals (D:1)
  2 quokkas (D:5)
  2 bats (D:1)
  5 frilled lizards
  3 kobolds
  4 rats (D:1)
60 creatures vanquished.

Grand Total: 70 creatures vanquished

Notes
Turn   | Place    | Note
-------+----------+-------------------------------------------
     0 | D:1      | Heoruswealwe the Deep Elf Summoner began the quest for the
                  | Orb.
     0 | D:1      | Reached XP level 1. HP: 10/10 MP: 6/6
   544 | D:1      | Reached XP level 2. HP: 15/15 MP: 5/8
  1020 | D:2      | Reached skill level 4 in Spellcasting
  1020 | D:2      | Reached skill level 5 in Summonings
  1020 | D:2      | Reached XP level 3. HP: 19/19 MP: 8/10
  1024 | D:2      | Learned a level 3 spell: Call Canine Familiar
  1049 | D:2      | Found a faded altar of an unknown god.
  1061 | D:2      | Prayed at the altar of an unknown god.
  1061 | D:2      | Became a worshipper of Sif Muna the Loreminder
  1061 | D:2      | Reached * piety under Sif Muna
  1612 | D:2      | Reached XP level 4. HP: 24/24 MP: 9/12
  1905 | D:3      | Reached skill level 5 in Spellcasting
  2366 | D:3      | Noticed Sigmund
  2399 | D:3      | Killed Sigmund
  2400 | D:3      | Reached skill level 6 in Spellcasting
  2400 | D:3      | Reached XP level 5. HP: 20/28 MP: 8/15
  2400 | D:3      | Reached XP level 6. HP: 23/32 MP: 9/17
  2418 | D:3      | Found a shadowy altar of Dithmenos.
  3415 | D:4      | Found a staircase to the Ecumenical Temple.
  3596 | D:4      | Noticed a water moccasin
  3639 | D:4      | Killed a water moccasin
  3640 | D:4      | Reached skill level 7 in Spellcasting
  3680 | D:4      | Reached XP level 7. HP: 12/36 MP: 5/20
  3708 | D:4      | Reached ** piety under Sif Muna
  3806 | D:4      | Reached skill level 8 in Spellcasting
  3972 | Temple   | Entered the Ecumenical Temple
  4213 | D:2      | You fall into a shaft and drop 1 floor!
  4394 | D:5      | Entered Level 5 of the Dungeon
  4453 | D:5      | Found a sacrificial altar of Ru.
  4513 | D:5      | Gained mutation: You have large cloven feet. [potion of
                  | mutation]
  4513 | D:5      | Gained mutation: You occasionally lose the ability to read
                  | scrolls when taking damage. [potion of mutation]
  5282 | D:5      | Found a glowing golden altar of the Shining One.
  5706 | D:6      | Noticed Edmund
  5716 | D:6      | Noticed Prince Ribbit
  5752 | D:6      | Killed Edmund
  5753 | D:6      | Reached skill level 9 in Spellcasting
  5753 | D:6      | Reached XP level 8. HP: 4/41 MP: 20/23
  5770 | D:6      | Slain by Prince Ribbit

Illustrated notes

Levels and vault maps discovered:
D:1:      minmay_arrival_shattered_statue, layout_loops_ring
D:2:      layout_basic, basic_ecumenical_altar
D:3:      layout_loops_corners, mainiacjoe_overflow_brackets, uniq_sigmund
D:4:      cheibrodos_helix_gallery, layout_loops_ring,
          minmay_temple_entry_ruins, minmay_misc_feat_five,
          kennysheep_small_circle
D:5:      layout_gridville, nicolae_tso_swordbearing_angel, kennysheep_mini_moat
D:6:      minmay_flawed_box, layout_loops_ring, lemuel_crystal_altar,
          lemuel_flamethrower_2, uniq_prince_ribbit1, uniq_edmund
Temple:   hellmonk_temple_forest_ring

Skill      XL: |  1  2  3  4  5  6  7 |
---------------+----------------------+-----
Spellcasting   | 4 6 7 9 |  9.3
Summonings     | 5 6 7 8 |  8.6
Dodging        | |  2.4
Stealth        | |  2.4

Action                   |  1- 3 |  4- 6 |  7- 9 || total
-------------------------+-------+-------+-------++-------
Melee: Dagger            |     2 |       |       ||     2
       Unarmed           |     1 |       |       ||     1
       Long sword        |    19 |     9 |       ||    28
       Falchion          |       |    11 |     3 ||    14
 Fire: Sling             |     6 |       |       ||     6
 Cast: Summon Small Mamm |    17 |       |     5 ||    22
       Call Canine Famil |     5 |    19 |    13 ||    37
  Use: Scroll            |     9 |     3 |     2 ||    14
       Potion            |       |     1 |     3 ||     4
 Stab: Sleeping          |     1 |       |       ||     1
Armor: Robe              |    16 |     9 |       ||    25
Dodge: Dodged            |    33 |    21 |     5 ||    59
